 Dungeon Crawl Stone Soup version 0.30-a0-989-g0d87f670db (webtiles) character file.

Game seed: 18290204812770866609

231 DeathPants the Ducker (level 6, -1/32 HPs)
             Began as a Vine Stalker Wanderer on Apr 3, 2023.
             Slain by Eustachio
             ... wielding a +0 rapier
              (4 damage)
             ... on level 4 of the Dungeon.
             The game lasted 00:09:41 (3400 turns).

DeathPants the Ducker (Vine Stalker Wanderer)       Turns: 3400, Time: 00:09:42

Health: -1/32      AC:  6    Str: 14    XL:     6   Next: 3%
Magic:  0/20       EV: 14    Int: 11    God:
Gold:   187        SH:  0    Dex: 17    Spells: 10/10 levels left

rFire   . . .      SeeInvis .    b - +0 dagger
rCold   . . .      Faith    .    (no shield)
rNeg    . . .      Spirit   +    e - +2 leather armour
rPois   .          Reflect  .    j - +0 helmet
rElec   .          Rampage  .    (no cloak)
rCorr   .                        (no gloves)
Will    .....                    (no boots)
Stlth   +                        (no amulet)
HPRegen 1.05/turn                s - ring of magical power
MPRegen 0.17/turn                (no ring)

@: mighty, hasted, very quick
A: fangs 2, regeneration 1, magic shield, antimagic bite, no potion heal 2
a: no special abilities


You were on level 4 of the Dungeon.
You visited 1 branch of the dungeon, and saw 4 of its levels.

You collected 187 gold pieces.

Inventory:

Hand Weapons
 a - a +0 sling
 b - a +0 dagger (weapon)
Armour
 e - a +2 leather armour (worn)
 j - a +0 helmet (worn)
Jewellery
 s - a ring of magical power (left hand)
Wands
 v - a wand of iceblast (10)
Scrolls
 c - 2 scrolls of teleportation
 f - 2 scrolls of enchant weapon {unknown}
 i - 2 scrolls of amnesia
 k - a scroll of vulnerability {unknown}
 l - a scroll of poison {unknown}
 m - a scroll of fear {unknown}
 o - a scroll of immolation {unknown}
 p - a scroll of brand weapon {unknown}
 t - 2 scrolls of torment {unknown}
Potions
 g - 3 potions of mutation
 h - 4 potions of curing
 n - a potion of flight
 q - a potion of might
 r - 2 potions of attraction {unknown}


   Skills:
 + Level 2.4 Fighting
 + Level 1.8 Short Blades
 - Level 1.7 Ranged Weapons
 + Level 1.9 Armour
 + Level 4.6 Dodging
 + Level 2.7 Spellcasting
 - Level 1.0 Evocations


You had 10 spell levels left.
You didn't know any spells.
Your spell library contained the following spells:

 Spells                   Type           Power      Damage    Failure   Level
 Ensorcelled Hibernation  Hex/Ice        2%         N/A       45%         2
 Passwall                 Tmut/Erth      0%         N/A       45%         2
 Hailstorm                Conj/Ice       1%         3d3       69%         3
 Swiftness                Air            1%         N/A       69%         3
 Ice Form                 Ice/Tmut       1%         N/A       97%         4
 Simulacrum               Ice/Necr       0%         N/A       100%        6


Dungeon Overview and Level Annotations

Branches:
Dungeon (4/15)
 Temple: D:4-7

Altars:

Shops:
D:1 (=

Annotations:
D:1 digging
D:4 Eustachio


Innate Abilities, Weirdness & Mutations

You have extremely sharp teeth.
Your natural rate of healing is unusually fast.
When hurt, damage is shared between your health and your magic reserves.
Your bite disrupts and absorbs the magic of your enemies.
Potions cannot restore your health.


Message History

The white imp closely misses you. Eustachio hits you with a +0 rapier.
You hit Eustachio. You bite Eustachio, but do no damage.
Eustachio is severely wounded.
The river rat closely misses you.
You completely miss Eustachio. You bite Eustachio, but do no damage.
Eustachio is severely wounded.
Eustachio closely misses you. The white imp closely misses you.
You hit Eustachio but do no damage.
Eustachio is severely wounded.
The river rat bites you but does no damage.
You hit Eustachio but do no damage.
Eustachio is severely wounded.
Eustachio closely misses you. The white imp hits you.
The white imp freezes you.
The river rat bites you but does no damage.
You closely miss Eustachio. You bite Eustachio.
Eustachio's magic leaks into the air.
You drain his magic.
You feel invigorated.
Eustachio is severely wounded.
The white imp gestures at you. The puff of frost hits you.
Eustachio hits you with a +0 rapier.
* * * LOW HITPOINT WARNING * * *
You barely miss Eustachio. Your bite misses Eustachio.
Eustachio is severely wounded.
The river rat closely misses you.
You hit Eustachio but do no damage. Your punch misses Eustachio.
Eustachio is severely wounded.
The white imp grinds its teeth.
The white imp gestures at you. The puff of frost hits you.
* * * LOW HITPOINT WARNING * * *
Eustachio hits you with a +0 rapier.
* * * LOW HITPOINT WARNING * * *
It was a potion of might.
You feel very mighty all of a sudden. The river rat closely misses you.
You puncture Eustachio! Your bite misses Eustachio.
Eustachio is almost dead.
Eustachio hits you with a +0 rapier.
You die...

#....†.†........#
+...............#
#...............+
#...............#
#.......≈≈...≈≈.#####+#
#.......≈≈...≈≈##.....#
#..........≈...#......#
#.........≈.≈..#.@....##
#.......≈≈...≈≈'@5......
#........≈...≈.#.r......
#.........≈.≈..#########
#.......≈.≈.≈.≈#
........≈.....≈#
........≈.≈.≈.≈#
.###+####≈.≈.≈## .+
#≈.≈.≈# .# #≈.≈.≈#


You could see Eustachio (magic disrupted), a river rat (summoned) and a white
imp (summoned).

Vanquished Creatures
  A jelly (D:4)
  2 iguanas (D:4)
  Robin (D:2)
  4 adders
  A worm (D:2)
  2 dart slugs
  11 orcs
  4 bats
  5 endoplasms
  6 giant cockroaches
  11 goblins
  10 hobgoblins
  5 kobolds
  5 quokkas
  3 ball pythons
  3 frilled lizards
  3 rats (D:2)
77 creatures vanquished.

Notes
Turn   | Place    | Note
-------+----------+-------------------------------------------
     0 | D:1      | DeathPants the Vine Stalker Wanderer began the quest for
                  | the Orb.
     0 | D:1      | DeathPants set off with the following items: a +0 sling, a
                  | +2 leather armour, a scroll of teleportation, a potion of
                  | haste.
     0 | D:1      | Reached XP level 1. HP: 10/10 MP: 3/3
   101 | D:1      | Found Giwempoy's Antique Weapon Shop.
   140 | D:1      | Reached XP level 2. HP: 4/14 MP: 1/5
   508 | D:1      | Found Fikezercha's Jewellery Shop.
   846 | D:2      | Reached XP level 3. HP: 18/18 MP: 6/6
  1272 | D:2      | Reached skill level 1 in Armour
  1628 | D:3      | Noticed Robin
  1808 | D:2      | Gained mutation: Your natural rate of healing is unusually
                  | fast. [Vine Stalker growth]
  1808 | D:2      | Reached XP level 4. HP: 23/23 MP: 6/8
  1941 | D:2      | Killed Robin
  1942 | D:2      | Reached skill level 1 in Short Blades
  2538 | D:3      | Reached XP level 5. HP: 26/26 MP: 9/9
  3262 | D:4      | Reached XP level 6. HP: 14/32 MP: 5/11
  3364 | D:4      | Noticed Eustachio
  3400 | D:4      | Slain by Eustachio

Illustrated notes

Levels and vault maps discovered:
D:1:      heliophobic_arrival_battle_scene, layout_loops_ring, serial_shops,
          shop, nicolae_shop_behind_doors, due_unseen_surprise
D:2:      layout_loops_corners
D:3:      layout_loops_ring, chequers_serial_rivers_large_b,
          minmay_fractal_squares_gapless_5, uniq_robin
D:4:      layout_gridville, nicolae_uskayaw_suspiria, uniq_eustachio

Skill      XL: |  1  2  3  4 |
---------------+-------------+-----
Armour         | 1 |  1.9
Spellcasting   | 2 |  2.7
Short Blades   | 1 |  1.8
Fighting       | 2 |  2.4
Ranged Weapons | |  1.7
Dodging        | |  4.6
Evocations     | |  1.0

Action                     |  1- 3 |  4- 6 || total
---------------------------+-------+-------++-------
  Melee: Dagger            |       |    37 ||    37
         Bite              |       |     9 ||     9
   Fire: Sling             |   127 |   174 ||   301
    Use: Scroll            |     4 |     1 ||     5
         Potion            |       |     2 ||     2
 Armour: Leather armour    |    33 |    64 ||    97
  Dodge: Dodged            |    77 |   155 ||   232

Table legend: (Time is in decaauts)
 A = Elapsed time spent in this place.
 B = Non-inter-level travel time spent in this place.
 C = Inter-level travel time spent in this place.
 D = Time resting spent in this place.
 E = Time spent auto-exploring this place.
 F = Levels seen in this place.
 G = Mean time per level.
                   A        B        C        D        E       F      G
               +--------+--------+--------+--------+--------+-----+--------+
         Total |   3521 |   3494 |     27 |    433 |   2230 |   4 |  880.2 |
       Dungeon |   3521 |   3494 |     27 |    433 |   2230 |   4 |  880.2 |
               +--------+--------+--------+--------+--------+-----+--------+

Top non-repeatable levels by time:
     D:2: 1364 daAuts
     D:3: 940 daAuts
     D:1: 761 daAuts
     D:4: 454 daAuts
